 Dungeon Crawl Stone Soup version 0.19.3-4-gbf9329e (webtiles) character file.

86 Jerry the Slasher (level 4, 0/33 HPs)
             Began as a Demonspawn Gladiator on Jan 28, 2017.
             Slain by a hound (1 damage)
             ... on level 3 of the Dungeon.
             The game lasted 00:04:06 (1848 turns).

Jerry the Slasher (Demonspawn Gladiator)            Turns: 1848, Time: 00:04:07

Health: 0/33       AC: 10    Str: 16    XL:     4   Next: 26%
Magic:  4/4        EV: 10    Int: 10    God:
Gold:   119        SH:  0    Dex: 13    Spells: 0 memorised, 3 levels left

rFire  . . .     SeeInvis .     a - +0 long sword
rCold  . . .     Gourm    .     p - +0 scale mail
rNeg   . . .     Faith    .     (no shield)
rPois  .         Spirit   .     c - +0 helmet
rElec  .         Reflect  .     (no cloak)
rCorr  .         Harm     .     (no gloves)
MR     .....                    (no boots)
Stlth  ..........               (no amulet)
                                (no ring)
                                (no ring)

@: no status effects
A: molten scales 2
a: no special abilities


You were on level 3 of the Dungeon.
You were not hungry.

You visited 1 branch of the dungeon, and saw 3 of its levels.

You collected 119 gold pieces.

Inventory:

Hand Weapons
 a - a +0 long sword (weapon)
Missiles
 d - 3 throwing nets (quivered)
Armour
 b - a +0 leather armour
 c - a +0 helmet (worn)
 p - a +0 scale mail (worn)
 q - a +0 plate armour
Scrolls
 e - a scroll of fear {unknown}
 g - 4 scrolls of remove curse {unknown}
 i - 2 scrolls of teleportation {unknown}
 k - a scroll of enchant armour {unknown}
 l - 5 scrolls of identify {unknown}
 r - a scroll of immolation {unknown}
 u - a scroll of amnesia {unknown}
Potions
 j - a potion of agility {unknown}
 m - a potion of haste {unknown}
 n - 2 potions of brilliance {unknown}
 o - a potion of flight {unknown}
 s - 2 potions of curing {unknown}
 t - a potion of berserk rage {unknown}
 w - a potion of might {unknown}
Comestibles
 f - 3 bread rations
 h - 2 chunks of flesh
 v - a meat ration


   Skills:
 - Level 2.0 Fighting
 + Level 3.7 Long Blades
 - Level 1.7 Throwing
 + Level 2.4 Armour
 - Level 2.6 Dodging


You had 3 spell levels left.
You didn't know any spells.

Dungeon Overview and Level Annotations

Branches:
Dungeon (3/15)

Altars:


Innate Abilities, Weirdness & Mutations

You are mostly covered in molten scales. (AC +3)


Message History

The hound bites you.
You hit the hound.
The hound is moderately wounded.
The hound barely misses you. x2
Your scale mail prevents you from hitting the hound.
The hound is moderately wounded.
The hound closely misses you.
The orc priest calls down the wrath of Beogh upon you.
Beogh smites you! The hound bites you.
* * * LOW HITPOINT WARNING * * *
You are too injured to fight recklessly!
The hound bites you but does no damage. The hound bites you.
* * * LOW HITPOINT WARNING * * *
An orc comes into view.
You barely miss the hound.
The hound is moderately wounded.
The hound bites you.
* * * LOW HITPOINT WARNING * * *
The hound bites you.
You die...

#. #.# #.# ####### ###
#.# #.....# .. #.#
#.###.##.# #.#
#........#
.#####.####.........
.............###.###
.............# #@#
.####.######.###h######
.# #.# #....o.†[o.###
.# #.# ###..>......o.
.# #.# #..#####.#.. .#
#.# #>.# .. .# #.# #..#
.# #.# #..# .# #.# ....


You could see a hound and an orc.

Vanquished Creatures
  2 adders
  3 worms
  2 dart slugs
  2 leopard geckos
  A bat (D:1)
  A giant cockroach (D:2)
  5 goblins
  7 hobgoblins
  10 jackals
  2 quokkas (D:2)
  A ball python (D:3)
  3 frilled lizards
  2 kobolds
  8 rats
49 creatures vanquished.

Notes
Turn   | Place    | Note
-------+----------+-------------------------------------------
     0 | D:1      | Jerry the Demonspawn Gladiator began the quest for the Orb.
     0 | D:1      | Reached XP level 1. HP: 16/16 MP: 1/1
    47 | D:1      | Reached skill level 3 in Long Blades
   332 | D:1      | Reached skill level 1 in Armour
   332 | D:1      | Gained mutation: You are partially covered in molten scales. (AC +2) [demonic ancestry]
   332 | D:1      | Reached XP level 2. HP: 17/22 MP: 2/2
   876 | D:2      | Reached XP level 3. HP: 27/27 MP: 3/3
  1522 | D:3      | Gained mutation: You are mostly covered in molten scales. (AC +3) [demonic ancestry]
  1522 | D:3      | Reached XP level 4. HP: 23/33 MP: 4/4
  1848 | D:3      | HP: 1/33 [hound (4)]
  1848 | D:3      | Slain by a hound

Skill      XL: |  1  2  3 |
---------------+----------+-----
Long Blades    | 3 |  3.7
Armour         | 1 2 |  2.4
Fighting       | |  2.0
Throwing       | |  1.7
Dodging        | |  2.6

Action                   |  1- 3 |  4- 6 || total
-------------------------+-------+-------++-------
Melee: Long sword        |   155 |    31 ||   186
  Eat: Chunk             |     2 |     1 ||     3
Armor: Leather armour    |    27 |       ||    27
       Plate armour      |    67 |    25 ||    92
       Scale mail        |     1 |     6 ||     7
Dodge: Dodged            |    95 |    17 ||   112
       Rpst.: Long sword |    25 |     4 ||    29
